 Dungeon Crawl Stone Soup version 0.28.0-53-g5a82cb258f (webtiles) character file.

Game seed: 2412909339763913064

2053 safid the Cleaver (level 9, -4/71 HPs)
             Began as a Hill Orc Fighter on Aug 6, 2022.
             Was an Initiate of Beogh.
             Slain by an orc warrior
             ... wielding a +0 battleaxe
              (10 damage)
             ... on level 6 of the Dungeon.
             The game lasted 00:06:04 (6548 turns).

safid the Cleaver (Hill Orc Fighter)                Turns: 6548, Time: 00:06:05

Health: -4/71      AC: 14    Str: 23    XL:     9   Next: 25%
Magic:  9/9        EV: 10    Int:  8    God:    Beogh [......]
Gold:   113        SH:  4    Dex: 10    Spells: 8/8 levels left

rFire   . . .      SeeInvis .   a - +0 war axe
rCold   . . .      Faith    .   c - +0 buckler
rNeg    . . .      Spirit   .   k - +0 plate armour
rPois   .          Reflect  .   (no helmet)
rElec   .          Harm     .   (no cloak)
rCorr   .          Rampage  .   o - +0 pair of gloves
Will    .....                   b - +0 pair of boots
Stlth   ..........              (no amulet)
HPRegen 0.21/turn               m - +4 ring of evasion
MPRegen 0.11/turn               (no ring)

@: no status effects
A: no striking features
a: Renounce Religion


You were on level 6 of the Dungeon.
You worshipped Beogh.
Beogh was noncommittal.
You visited 1 branch of the dungeon, and saw 6 of its levels.

You collected 113 gold pieces.

Inventory:

Hand Weapons
 a - a +0 war axe (weapon)
Missiles
 i - 4 poisoned darts (quivered)
Armour
 b - a +0 pair of boots (worn)
 c - a +0 buckler (worn)
 k - a +0 plate armour (worn)
 o - a +0 pair of gloves (worn)
Jewellery
 e - a ring of fire
 m - a +4 ring of evasion (left hand)
Scrolls
 d - a scroll of torment
 f - a scroll of teleportation
 h - 2 scrolls of fear
 p - a scroll of blinking {unknown}
 q - a scroll of vulnerability {unknown}
Potions
 j - a potion of heal wounds {unknown}
 l - a potion of might
 n - a potion of flight {unknown}
 r - a potion of degeneration {unknown}


   Skills:
 - Level 4.0 Fighting
 + Level 14.8 Axes
 - Level 4.0 Armour
 - Level 4.0 Shields


You had 8 spell levels left.
You didn't know any spells.
Your spell library contained the following spells:

 Spells                   Type           Power      Damage    Failure   Level
 Conjure Flame            Conj/Fire      0%         6-21      100%        3
 Ignite Poison            Fire/Tmut/Pois 0%         N/A       100%        3
 Tukima's Dance           Hex            0%         N/A       100%        3
 Anguish                  Hex/Necr       0%         N/A       100%        4
 Hailstorm                Conj/Ice       0%         3d3       100%        4
 Ice Form                 Ice/Tmut       0%         N/A       100%        4
 Sticky Flame             Conj/Fire      0%         2d3       100%        4
 Simulacrum               Ice/Necr       0%         N/A       100%        6
 Enfeeble                 Hex            0%         N/A       100%        7


Dungeon Overview and Level Annotations

Branches:
Dungeon (6/15)
 Temple: D:4-7

Altars:

Annotations:
D:2 1 runed translucent door, Crazy Yiuf
D:4 2 runed translucent doors, Underfrisk's ghost, novice NaTm
D:5 1 runed translucent door, azobrab's ghost, novice TrMo


Message History

Pain shoots through your body!
Unknown command.
You hit the orc priest.
You kill the orc priest!
Beogh accepts your kill.
Beogh appreciates your killing of a heretic priest.
You hit the orc warrior. You barely miss the orc warrior.
The orc warrior hits you but does no damage.
The orc warrior closely misses you.
You hit the orc warrior but do no damage.
The orc warrior is moderately wounded.
You slash the iguana! You closely miss the orc warrior.
You block the orc warrior's attack.
The orc warrior hits you with a +0 battleaxe.
The iguana barely misses you.
Unknown command.
You closely miss the orc warrior.
The orc warrior is moderately wounded.
You hit the orc warrior but do no damage.
You closely miss the iguana.
The orc warrior hits you but does no damage.
The orc warrior hits you with a +0 battleaxe!
Unknown command.
You closely miss the orc warrior.
The orc warrior is moderately wounded.
You slash the orc warrior! You slash the iguana!
You kill the iguana!
Beogh accepts your kill.
The orc warrior hits you with a +0 trident.
You block the orc warrior's attack.
You hit the orc warrior.
The orc warrior is severely wounded.
You slash the jelly!
Your hands burn!
* * * LOW HITPOINT WARNING * * *
You barely miss the orc warrior. The jelly hits you but does no damage.
The orc warrior hits you with a +0 trident!
* * * LOW HITPOINT WARNING * * *
The orc warrior hits you with a +0 battleaxe!
You die...
Beogh appreciates the orc warrior's killing of a heretic priest.

.. #.....#
###.###.[..# .
#[.........###.
..#....#..##.....)
#.... ##...#.....
#...##....#.....
#o........#..
##oJZ.....## #
#..@o#..###
#>..)#### ###...#
###.# .. ... ####


You could see 2 orc warriors, a jelly, an orc and a bullfrog skeleton.

Vanquished Creatures
  Grinder (D:5)
  Sigmund (D:2)
  A steam dragon (D:6)
  Edmund (D:5)
  2 black bears
  An ice beast (D:6)
  2 ogres
  2 necrophages (D:5)
  A phantom (D:5)
  Blork the orc (D:5)
  A scorpion (D:4)
  A water moccasin skeleton (D:4)
  A wight (D:6)
  A gnoll shaman (D:4)
  An orc priest (D:6)
  4 hounds (D:5)
  3 iguanas
  3 orc wizards
  A hound zombie (D:5)
  2 hound skeletons (D:4)
  A howler monkey zombie (D:6)
  8 gnolls
  5 adders
  A shadow imp (D:5)
  2 ufetubi
  An adder skeleton (D:4)
  A worm (D:2)
  3 dart slugs
  7 orcs
  5 ball pythons
  4 bats
  9 endoplasms
  3 giant cockroaches
  4 goblins
  6 hobgoblins
  4 kobolds
  3 quokkas
  A frilled lizard (D:2)
  9 rats
108 creatures vanquished.

Vanquished Creatures (others)
  An orc priest (D:6)
  An orc (D:6)
2 creatures vanquished.

Grand Total: 110 creatures vanquished

Notes
Turn   | Place    | Note
-------+----------+-------------------------------------------
     0 | D:1      | safid the Hill Orc Fighter began the quest for the Orb.
     0 | D:1      | Reached XP level 1. HP: 19/19 MP: 1/1
   189 | D:1      | Reached XP level 2. HP: 13/27 MP: 2/2
   354 | D:1      | Reached skill level 3 in Axes
  1074 | D:1      | Reached XP level 3. HP: 33/33 MP: 3/3
  1317 | D:2      | Noticed Sigmund
  1334 | D:2      | Killed Sigmund
  1335 | D:2      | Reached skill level 6 in Axes
  1335 | D:2      | Reached XP level 4. HP: 18/40 MP: 4/4
  1335 | D:2      | Reached XP level 5. HP: 21/46 MP: 5/5
  2130 | D:2      | Found a runed translucent door.
  2131 | D:2      | Noticed Crazy Yiuf
  2225 | D:3      | Found a faded altar of an unknown god.
  2227 | D:3      | Reached XP level 6. HP: 52/52 MP: 6/6
  2554 | D:3      | Reached skill level 7 in Axes
  2946 | D:4      | Noticed a black bear
  2956 | D:4      | Killed a black bear
  3115 | D:4      | Reached skill level 8 in Axes
  3192 | D:4      | Reached XP level 7. HP: 48/59 MP: 7/7
  3552 | D:4      | Reached skill level 9 in Axes
  4110 | D:4      | Reached skill level 10 in Axes
  4112 | D:4      | Found a large runed translucent door.
  4112 | D:4      | Found a large runed translucent door.
  4114 | D:4      | Noticed Underfrisk's ghost (novice NaTm)
  4423 | D:5      | Entered Level 5 of the Dungeon
  4427 | D:5      | Found a runed translucent door.
  4427 | D:5      | Noticed azobrab's ghost (novice TrMo)
  4538 | D:5      | Noticed Grinder
  4542 | D:5      | Paralysed by Grinder for 4 turns
  4554 | D:5      | Killed Grinder
  4555 | D:5      | Reached skill level 11 in Axes
  4555 | D:5      | Reached XP level 8. HP: 53/66 MP: 8/8
  4843 | D:5      | Reached skill level 12 in Axes
  4954 | D:5      | Reached skill level 13 in Axes
  5125 | D:5      | Noticed Edmund
  5152 | D:5      | Killed Edmund
  5487 | D:5      | Reached XP level 9. HP: 71/71 MP: 9/9
  5661 | D:5      | Noticed Blork the orc
  5672 | D:5      | Killed Blork the orc
  5673 | D:5      | Reached skill level 14 in Axes
  6263 | D:6      | Became a worshipper of Beogh the Brigand
  6548 | D:6      | Slain by an orc warrior

Illustrated notes

Levels and vault maps discovered:
D:1:      eino_arrival_cavern_c, layout_basic, minmay_pentomino_v2
D:2:      layout_basic, hangedman_decor_clover_reticule, uniq_sigmund,
          uniq_crazy_yiuf_cottage
D:3:      layout_loops_ring, shapermc_ecumenical_altar_venn
D:4:      layout_cave_pods, ebering_ghost_disaster_area
D:5:      layout_layer_cave, gammafunk_ghost_grave, cheibrodos_gnoll_hut,
          uniq_edmund, uniq_grinder, uniq_blork_the_orc
D:6:      layout_cave_pools, minmay_chambers_of_fives

Skill      XL: |  1  2  3  4  5  6  7  8  9 |
---------------+----------------------------+-----
Axes           | 3 6 8 11 13 14 | 14.8
Fighting       | 4 |  4.0
Armour         | 4 |  4.0
Shields        | 4 |  4.0

Action                   |  1- 3 |  4- 6 |  7- 9 || total
-------------------------+-------+-------+-------++-------
Melee: War axe           |    58 |   109 |   240 ||   407
Throw: Dart              |       |    10 |       ||    10
Invok: Convert to Beogh  |       |       |     1 ||     1
  Use: Potion            |     1 |       |       ||     1
       Scroll            |       |       |     3 ||     3
Armor: Scale mail        |    27 |    40 |       ||    67
       Plate armour      |       |    36 |   115 ||   151
Dodge: Dodged            |    12 |    52 |    97 ||   161
Block: Buckler           |    14 |    17 |    51 ||    82
